AAA WEST
EL PASO CHIHUAHUAS @ SUGAR LAND SKEETERS
05/19/2042
 
TOP OF THE 1ST
El Paso Chihuahuas batting - Pitching for Sugar Land Skeeters : RHP Brad Butler
Pitching: RHP Brad Butler
Batting: RHB Jung-jun Moon 0-0: Called Strike
0-1: Ground out 4-3 (Groundball, 34D, EV 94.4 MPH)
Batting: LHB Freddy Newton 0-0: Ball
1-0: Called Strike
1-1: Fly out, F3 (Line Drive, 3, EV 66.9 MPH)
Batting: LHB Gene Norman 0-0: Called Strike
0-1: Ball
1-1: SINGLE (Flyball, 78S, EV 91.9 MPH)
Batting: RHB Luis Miguel Ortíz 0-0: Called Strike
0-1: Foul Ball, location: 9LMF
0-2: Ball
1-2: Ball
2-2: Foul Ball, location: 2F
2-2: Fly out, F9 (Flyball, 9D, EV 90.0 MPH)
Top of the 1st over - 0 runs, 1 hit, 0 errors, 1 left on base; El Paso 0 - Sugar Land 0
BOTTOM OF THE 1ST
Sugar Land Skeeters batting - Pitching for El Paso Chihuahuas : RHP Josh Carlson
Pitching: RHP Josh Carlson
Batting: RHB Héctor López 0-0: Swinging Strike
0-1: Ball
1-1: Foul Ball, location: 2F
1-2: Ground out 5-3 (Groundball, 56, EV 108.8 MPH)
Batting: LHB Tony Cardoza 0-0: Foul Ball, location: 2F
0-1: Ground out U3 (Groundball, 3L, EV 85.6 MPH)
Batting: LHB Jeremy Edwards 0-0: Called Strike
0-1: Ball
1-1: Ball
2-1: Foul Ball, location: 3FF
2-2: Ball
3-2: Fly out, F7 (Flyball, 7, EV 93.1 MPH)
Bottom of the 1st over - 0 runs, 0 hits, 0 errors, 0 left on base; El Paso 0 - Sugar Land 0
TOP OF THE 2ND
El Paso Chihuahuas batting - Pitching for Sugar Land Skeeters : RHP Brad Butler
Batting: LHB Ignacio Villa 0-0: Ball
1-0: Fly out, F8 (Line Drive, 89D, EV 91.9 MPH)
Batting: RHB José Beltrán 0-0: Ball
1-0: Ball
2-0: Foul Ball, location: 9LMF
2-1: Swinging Strike
2-2: Ball
3-2: Foul Ball, location: 7LDF
3-2: Foul Ball, location: 3F
3-2: Strikes out swinging
Batting: LHB Johann Sorely 0-0: Foul Ball, location: 5SF
0-1: Ball
1-1: Foul Ball, location: 9LMF
1-2: Ground out 4-3 (Groundball, 4, EV 90.0 MPH)
Top of the 2nd over - 0 runs, 0 hits, 0 errors, 0 left on base; El Paso 0 - Sugar Land 0
BOTTOM OF THE 2ND
Sugar Land Skeeters batting - Pitching for El Paso Chihuahuas : RHP Josh Carlson
Batting: SHB Brendan Jeffries 0-0: Ball
1-0: Called Strike
1-1: Called Strike
1-2: Foul Ball, location: 25FF
1-2: Ball
2-2: Ball
3-2: Ground out 6-3 (Groundball, 6, EV 78.1 MPH)
Batting: LHB Jorge Garza 0-0: Ball
1-0: Ball
2-0: Called Strike
2-1: Ball
3-1: Fly out, F6 (Popup, 4MD, EV 48.8 MPH)
Batting: RHB Thad Lane 0-0: Called Strike
0-1: Ground out 6-3 (Groundball, 6, EV 88.8 MPH)
Bottom of the 2nd over - 0 runs, 0 hits, 0 errors, 0 left on base; El Paso 0 - Sugar Land 0
TOP OF THE 3RD
El Paso Chihuahuas batting - Pitching for Sugar Land Skeeters : RHP Brad Butler
Batting: RHB Jeff Wright 0-0: Ball
1-0: Foul Ball, location: 2F
1-1: Called Strike
1-2: Strikes out swinging
Batting: LHB Greg Greene 0-0: Ball
1-0: Ball
2-0: Ground out 6-3 (Groundball, 6, EV 103.1 MPH)
Batting: RHB Jung-jun Moon 0-0: Called Strike
0-1: Called Strike
0-2: Foul Ball, location: 2LF
0-2: Ball
1-2: Ball
2-2: Foul Ball, location: 9LSF
2-2: Ball
3-2: SOLO HOME RUN (Flyball, 89XD, EV 101.3 MPH), Distance : 397 ft
Batting: LHB Freddy Newton 0-0: Ball
1-0: Ball
2-0: Called Strike
2-1: Ground out 5-3 (Groundball, 56, EV 89.4 MPH)
Top of the 3rd over - 1 run, 1 hit, 0 errors, 0 left on base; El Paso 1 - Sugar Land 0
BOTTOM OF THE 3RD
Sugar Land Skeeters batting - Pitching for El Paso Chihuahuas : RHP Josh Carlson
Batting: RHB Sergio Verez 0-0: Ball
1-0: Foul Ball, location: 9LMF
1-1: Swinging Strike
1-2: Foul Ball, location: 5FF
1-2: Strikes out looking
Batting: LHB Jeff Poole 0-0: Ball
1-0: Called Strike
1-1: Ball
2-1: Called Strike
2-2: Ball
3-2: Base on Balls
Batting: RHB Alfredo Araújo 0-0: Called Strike
0-1: Foul Ball, location: 2F
0-2: Grounds into double play, 4-6-3 (Groundball, 4, EV 83.1 MPH)
Bottom of the 3rd over - 0 runs, 0 hits, 0 errors, 0 left on base; El Paso 1 - Sugar Land 0
TOP OF THE 4TH
El Paso Chihuahuas batting - Pitching for Sugar Land Skeeters : RHP Brad Butler
Batting: LHB Gene Norman 0-0: Ball
1-0: Ball
2-0: Ball
3-0: Called Strike
3-1: Foul Ball, location: 5FF
3-2: SINGLE (Line Drive, 8LS, EV 94.4 MPH)
Batting: RHB Luis Miguel Ortíz 0-0: Called Strike
0-1: Foul Ball, location: 5SF
0-2: Fly out, F6 (Popup, 6MS, EV 63.1 MPH)
Batting: LHB Ignacio Villa 0-0: Called Strike
0-1: Ball
1-1: Ball
2-1: Called Strike
2-2: Strikes out swinging
Batting: RHB José Beltrán 0-0: Foul Ball, location: 3F
0-1: Called Strike
0-2: DOUBLE (Groundball, 5L, EV 106.3 MPH)
Gene Norman to third
Batting: LHB Johann Sorely 0-0: Ball
1-0: Called Strike
1-1: Foul Ball, location: 2RF
1-2: Foul Ball, location: 2RF
1-2: Ball
2-2: Fly out, F4 (Popup, 13, EV 80.0 MPH)
Top of the 4th over - 0 runs, 2 hits, 0 errors, 2 left on base; El Paso 1 - Sugar Land 0
BOTTOM OF THE 4TH
Sugar Land Skeeters batting - Pitching for El Paso Chihuahuas : RHP Josh Carlson
Batting: RHB Héctor López 0-0: Called Strike
0-1: Foul Ball, location: 9LMF
0-2: Ball
1-2: Ball
2-2: Foul Ball, location: 7LMF
2-2: Foul Ball, location: 9LMFF
2-2: Ground out 5-3 (Groundball, 56, EV 88.8 MPH)
Batting: LHB Tony Cardoza 0-0: SINGLE (Groundball, 6MS, EV 65.0 MPH) (infield hit)
Batting: LHB Jeremy Edwards 0-0: Ball
1-0: Ball
2-0: Grounds into double play, 5-4-3 (Groundball, 5, EV 78.8 MPH)
Bottom of the 4th over - 0 runs, 1 hit, 0 errors, 0 left on base; El Paso 1 - Sugar Land 0
TOP OF THE 5TH
El Paso Chihuahuas batting - Pitching for Sugar Land Skeeters : RHP Brad Butler
Batting: RHB Jeff Wright 0-0: Ball
1-0: Foul Ball, location: 2F
1-1: Ball
2-1: SINGLE (Groundball, 6MD, EV 96.3 MPH)
Batting: LHB Greg Greene 0-0: Bunted foul
0-1: Ball
1-1: Ball
2-1: Bunted foul
2-2: Strikes out swinging
Batting: RHB Jung-jun Moon 0-0: Foul Ball, location: 7LMF
0-1: Ball
1-1: Called Strike
1-2: Foul Ball, location: 2LF
1-2: Grounds into double play, 6-4-3 (Groundball, 6, EV 88.1 MPH)
Top of the 5th over - 0 runs, 1 hit, 0 errors, 0 left on base; El Paso 1 - Sugar Land 0
BOTTOM OF THE 5TH
Sugar Land Skeeters batting - Pitching for El Paso Chihuahuas : RHP Josh Carlson
Batting: SHB Brendan Jeffries 0-0: Called Strike
0-1: Ball
1-1: Ball
2-1: Foul Ball, location: 2F
2-2: Strikes out swinging
Batting: LHB Jorge Garza 0-0: Swinging Strike
0-1: Ground out U3 (Groundball, 34, EV 82.5 MPH)
Batting: RHB Thad Lane 0-0: Ball
1-0: Called Strike
1-1: Foul Ball, location: 9LDF
1-2: TRIPLE (Flyball, 9LD, EV 106.9 MPH)
Batting: RHB Sergio Verez 0-0: Foul Ball, location: 2F
0-1: Foul Ball, location: 9LSF
0-2: Ball
1-2: Strikes out swinging
Bottom of the 5th over - 0 runs, 1 hit, 0 errors, 1 left on base; El Paso 1 - Sugar Land 0
TOP OF THE 6TH
El Paso Chihuahuas batting - Pitching for Sugar Land Skeeters : RHP Brad Butler
Batting: LHB Freddy Newton 0-0: Foul Ball, location: 7LSF
0-1: Foul Ball, location: 7LDF
0-2: Ball
1-2: Fly out, F7 (Flyball, 7, EV 96.3 MPH)
Batting: LHB Gene Norman 0-0: Foul Ball, location: 2F
0-1: Ball
1-1: Ball
2-1: SOLO HOME RUN (Flyball, 9LD, EV 93.8 MPH), Distance : 345 ft
Batting: RHB Luis Miguel Ortíz 0-0: Ball
1-0: Fly out, F7 (Flyball, 78D, EV 76.9 MPH)
Batting: LHB Ignacio Villa 0-0: Called Strike
0-1: Fly out, F9 (Flyball, 89M, EV 93.1 MPH)
Top of the 6th over - 1 run, 1 hit, 0 errors, 0 left on base; El Paso 2 - Sugar Land 0
BOTTOM OF THE 6TH
Sugar Land Skeeters batting - Pitching for El Paso Chihuahuas : RHP Josh Carlson
Batting: LHB Jeff Poole 0-0: Ball
1-0: Foul Ball, location: 7LMF
1-1: Swinging Strike
1-2: Ball
2-2: Strikes out swinging
Batting: RHB Alfredo Araújo 0-0: Called Strike
0-1: Ball
1-1: Ball
2-1: Ball
3-1: Called Strike
3-2: Fly out, F6 (Flyball, 56D, EV 89.4 MPH)
DELAY Rain delay of 21 minutes in the 6th inning.
Batting: RHB Héctor López 0-0: Called Strike
0-1: DOUBLE (Line Drive, 9LD, EV 97.5 MPH)
Batting: LHB Tony Cardoza 0-0: Ball
1-0: Ball
2-0: Swinging Strike
2-1: Ball
3-1: Foul Ball, location: 2F
3-2: Base on Balls
Batting: LHB Jeremy Edwards 0-0: Called Strike
0-1: Fly out, F7 (Flyball, 78S, EV 96.3 MPH)
Bottom of the 6th over - 0 runs, 1 hit, 0 errors, 2 left on base; El Paso 2 - Sugar Land 0
TOP OF THE 7TH
El Paso Chihuahuas batting - Pitching for Sugar Land Skeeters : RHP Brad Butler
Pitching: LHP Ron Weeks
Batting: RHB José Beltrán 0-0: Ball
1-0: Ball
2-0: Swinging Strike
2-1: Foul Ball, location: 7LSF
2-2: Fly out, F7 (Flyball, 78XD, EV 106.3 MPH)
Batting: LHB Johann Sorely 0-0: Called Strike
0-1: Ball
1-1: Ball
2-1: Ball
3-1: Foul Ball, location: 2F
3-2: Base on Balls
Batting: RHB Jeff Wright 0-0: Foul Ball, location: 2F
0-1: Foul Ball, location: 9LMF
0-2: Ball
1-2: Strikes out swinging
Batting: LHB Greg Greene 0-0: Ball
1-0: Ball
2-0: Ball
3-0: Foul Ball, location: 5F
3-1: SINGLE (Line Drive, 6M, EV 106.9 MPH)
Johann Sorely to second
Batting: RHB Jung-jun Moon 0-0: Ball
1-0: Ball
2-0: Ball
3-0: Called Strike
3-1: Base on Balls
Johann Sorely to third
Greg Greene to second
Batting: LHB Freddy Newton 0-0: Called Strike
0-1: Ground out U3 (Groundball, 3L, EV 96.9 MPH)
Top of the 7th over - 0 runs, 1 hit, 0 errors, 3 left on base; El Paso 2 - Sugar Land 0
BOTTOM OF THE 7TH
Sugar Land Skeeters batting - Pitching for El Paso Chihuahuas : RHP Josh Carlson
Pitching: RHP Sotaro Sugimoto
Batting: SHB Brendan Jeffries 0-0: Ball
1-0: Ball
2-0: Ball
3-0: Called Strike
3-1: Foul Ball, location: 2F
3-2: Base on Balls
Batting: LHB Jorge Garza 0-0: Foul Ball, location: 7LMF
0-1: Ball
1-1: Foul Ball, location: 25FF
1-2: Fly out, F8 (Line Drive, 8RD, EV 92.5 MPH)
Pinch Hitting: SHB Tomás Martínez 0-0: Ball
1-0: Called Strike
1-1: Called Strike
Brendan Jeffries is caught stealing 2nd base 2-6
1-2: Strikes out swinging
Bottom of the 7th over - 0 runs, 0 hits, 0 errors, 0 left on base; El Paso 2 - Sugar Land 0
TOP OF THE 8TH
El Paso Chihuahuas batting - Pitching for Sugar Land Skeeters : LHP Ron Weeks
Now at 1B: Tomás Martínez
Batting: LHB Gene Norman 0-0: Ball
1-0: Ball
2-0: Called Strike
2-1: Foul Ball, location: 2F
2-2: Ball
3-2: SOLO HOME RUN (Flyball, 78XD, EV 106.9 MPH), Distance : 404 ft
Batting: RHB Luis Miguel Ortíz 0-0: Ball
1-0: Foul Ball, location: 2F
1-1: Ball
2-1: Ball
3-1: Foul Ball, location: 9LDF
3-2: Base on Balls
Batting: LHB Ignacio Villa 0-0: Ball
1-0: Ball
2-0: Foul Ball, location: 3SF
2-1: Ball
3-1: Swinging Strike
3-2: Base on Balls
Luis Miguel Ortíz to second
Pitching: RHP Shawn Miller
Batting: RHB José Beltrán 0-0: Foul Ball, location: 3FF
0-1: Sac Bunt to 15S - play at first, batter safe!
Luis Miguel Ortíz to third
Ignacio Villa to second
Batting: LHB Johann Sorely 0-0: Ball
1-0: Ball
2-0: Ball
3-0: Called Strike
3-1: Foul Ball, location: 3F
3-2: Base on Balls
Luis Miguel Ortíz scores
Ignacio Villa to third
José Beltrán to second
Batting: RHB Jeff Wright 0-0: Ball
1-0: Swinging Strike
1-1: Called Strike
1-2: DOUBLE (Line Drive, 7LM, EV 106.3 MPH)
Ignacio Villa scores
José Beltrán scores
Johann Sorely to third
Runner from 3rd tries for Home, SAFE, throw by LF to home
Batting: LHB Greg Greene 0-0: Ball
1-0: Ball
2-0: Ball
3-0: Called Strike
3-1: Foul Ball, location: 25F
3-2: Ground out 4-3 (Groundball, 4, EV 109.4 MPH)
Jeff Wright to third
Batting: RHB Jung-jun Moon 0-0: Ball
1-0: Called Strike
1-1: Foul Ball, location: 9LSF
1-2: Ball
2-2: Strikes out swinging
Pinch Hitting: SHB Ignacio Archuleta 0-0: Swinging Strike
0-1: Foul Ball, location: 3SF
0-2: Foul Ball, location: 2F
0-2: Ball
1-2: Strikes out looking
Top of the 8th over - 5 runs, 3 hits, 0 errors, 1 left on base; El Paso 7 - Sugar Land 0
BOTTOM OF THE 8TH
Sugar Land Skeeters batting - Pitching for El Paso Chihuahuas : RHP Sotaro Sugimoto
Now in LF: Ignacio Archuleta
Batting: RHB Sergio Verez 0-0: Ball
1-0: Ball
2-0: Ball
3-0: Called Strike
3-1: Ground out 6-3 (Groundball, 6S, EV 91.3 MPH)
Batting: LHB Jeff Poole 0-0: Ball
1-0: Foul Ball, location: 7LMF
1-1: Called Strike
1-2: Strikes out swinging
Pinch Hitting: LHB Phil Rose 0-0: SOLO HOME RUN (Flyball, 7LD, EV 93.8 MPH), Distance : 333 ft
Batting: RHB Héctor López 0-0: SINGLE (Groundball, 23, EV 74.4 MPH) (infield hit)
Batting: LHB Tony Cardoza 0-0: Called Strike
0-1: Ball
1-1: Ball
2-1: Swinging Strike
2-2: Foul Ball, location: 2F
2-2: SINGLE (Groundball, 25, EV 68.1 MPH) (infield hit)
Héctor López to second
Batting: LHB Jeremy Edwards 0-0: Called Strike
0-1: Swinging Strike
0-2: Strikes out looking
Bottom of the 8th over - 1 run, 3 hits, 0 errors, 2 left on base; El Paso 7 - Sugar Land 1
TOP OF THE 9TH
El Paso Chihuahuas batting - Pitching for Sugar Land Skeeters : RHP Shawn Miller
Now at SS: Bob Flynn
Batting: LHB Gene Norman 0-0: Ball
1-0: Foul Ball, location: 2RF
1-1: Foul Ball, location: 7LSF
1-2: Ground out 5-3 (Groundball, 56, EV 101.9 MPH)
Batting: RHB Luis Miguel Ortíz 0-0: Foul Ball, location: 5FF
0-1: Foul Ball, location: 9LSF
0-2: Reached on error, E6 (Groundball, 6, EV 86.9 MPH)
Batting: LHB Ignacio Villa 0-0: SINGLE (Flyball, 78S, EV 90.6 MPH)
Luis Miguel Ortíz to second
Batting: RHB José Beltrán 0-0: Called Strike
0-1: Ball
1-1: Foul Ball, location: 5FF
1-2: Strikes out swinging
Batting: LHB Johann Sorely 0-0: Called Strike
0-1: Called Strike
0-2: Ball
1-2: Ball
2-2: Fly out, F7 (Flyball, 7, EV 90.0 MPH)
Top of the 9th over - 0 runs, 1 hit, 1 error, 2 left on base; El Paso 7 - Sugar Land 1
BOTTOM OF THE 9TH
Sugar Land Skeeters batting - Pitching for El Paso Chihuahuas : RHP Sotaro Sugimoto
Batting: SHB Brendan Jeffries 0-0: Ball
1-0: Foul Ball, location: 7LMF
1-1: Ball
2-1: Fly out, F6 (Popup, 6S, EV 73.8 MPH)
Batting: LHB Jorge Garza 0-0: Ball
1-0: Ball
2-0: Called Strike
2-1: Called Strike
2-2: Strikes out looking
Batting: SHB Tomás Martínez 0-0: Called Strike
0-1: Swinging Strike
0-2: Strikes out swinging
Bottom of the 9th over - 0 runs, 0 hits, 0 errors, 0 left on base; El Paso 7 - Sugar Land 1
Friday, May 3rd , 2024 - OOTP Baseball 24.10 Build 82